 Dungeon Crawl Stone Soup version 0.27-a0-46-g34d46f0a3f (webtiles) character file.

Game seed: 179250519747707579

85 pistachioham the Conjurer (level 4, -7/24 HPs)
             Began as a Deep Elf Conjurer on Jan 7, 2021.
             Splashed by Ijyb's acid (10 damage)
             ... on level 3 of the Dungeon.
             The game lasted 00:08:05 (2183 turns).

pistachioham the Conjurer (Deep Elf Conjurer)       Turns: 2183, Time: 00:08:06

Health: -7/24      AC:  2    Str:  4    XL:     4   Next: 25%
Magic:  7/10       EV: 13    Int: 24    God:
Gold:   60         SH:  0    Dex: 13    Spells: 3/9 levels left

rFire    . . .     SeeInvis .   o - +0 short sword (drain)
rCold    . . .     Faith    .   (no shield)
rNeg     . . .     Spirit   .   k - +0 robe
rPois    .         Reflect  .   (no helmet)
rElec    .         Harm     .   (no cloak)
rCorr    .         Rampage  .   (no gloves)
Will     .....                  (no boots)
Stlth    ++........             (no amulet)
HPRegen  0.08/turn              (no ring)
MPRegen  0.12/turn              (no ring)

@: no status effects
A: no striking features
a: no special abilities


You were on level 3 of the Dungeon.
You visited 1 branch of the dungeon, and saw 3 of its levels.

You collected 60 gold pieces.

Inventory:

Hand Weapons
 a - a +0 dagger
 b - a +0 hand axe
 o - a +0 short sword of draining (weapon)
Armour
 h - a +0 buckler
 k - a +0 robe (worn)
Jewellery
 g - a cursed ring of teleportation {unknown}
Scrolls
 c - 4 scrolls of identify {unknown}
 d - a scroll of immolation {unknown}
 f - 2 scrolls of remove curse {unknown}
 i - a scroll of enchant armour {unknown}
 j - a scroll of enchant weapon {unknown}
 m - a scroll of teleportation {unknown}
Potions
 e - a potion of might {unknown}
 l - a potion of berserk rage {unknown}
 n - a potion of haste {unknown}
 p - a potion of curing {unknown}


   Skills:
 - Level 2.4 Dodging
 - Level 2.4 Stealth
 - Level 3.0 Spellcasting
 + Level 6.1 Conjurations
 + Level 1.8 Hexes


You had 3 spell levels left.
You knew the following spells:

 Your Spells              Type           Power        Failure   Level
a - Magic Dart            Conj           100%         1%          1
b - Searing Ray           Conj           66%          1%          2
c - Dazzling Flash        Conj/Hex       44%          6%          3

Your spell library contained the following spells:

 Spells                   Type           Power        Failure   Level
 Fulminant Prism          Conj/Hex       11%          22%         4
 Iskenderun's Mystic Bla  Conj/Tloc      18%          30%         4


Dungeon Overview and Level Annotations

Branches:
Dungeon (3/15)

Altars:
Zin

Annotations:
D:3 Ijyb


Message History

You see here 13 sling bullets.
Found a throwing net.
Ijyb the Twisted Goblin comes into view.
She is carrying a wand of acid (6).
Ijyb shouts!
Casting: Magic Dart (safe; 1% risk of failure)
Confirm with . or Enter, or press ? or * to list all spells.
Aiming: Searing Ray (safe; 1% risk of failure)
Press: ? - help, Shift-Dir - straight line, f - Ijyb
Aim: Ijyb, wearing a +0 leather armour and carrying a wand of acid (6) (24% to evade)
The searing ray hits Ijyb.
Ijyb is moderately wounded. (Press . to maintain the ray.) Ijyb zaps a wand.
The bolt of acid misses you.
The searing ray hits Ijyb!
Ijyb is heavily wounded.
Ijyb zaps a wand.
The bolt of acid hits you!!
Ouch! That really hurt!
* * * LOW HITPOINT WARNING * * *
You are splashed with acid!
You die...

#### #.# ...# #.#
##.#####.# #######
.........# #.....
#........# #...#..
...†.....##.# ..#
#........#.# #.###
##.........# #...#
.......#...## ##@#.##.#
##..........###.......#
###...#..##...###...##
##.##.....(## g..#
#####.###... .... #.#
#.### ..#.. #.# #.# .#
. #. #.. .. ###


You could see Ijyb.

Vanquished Creatures
  3 adders
  3 dart slugs
  3 leopard geckos
  A giant cockroach (D:1)
  8 goblins
  4 hobgoblins
  7 jackals (D:2)
  5 kobolds
  A quokka (D:3)
  A ball python (D:3)
  3 bats
  4 frilled lizards
  5 rats
48 creatures vanquished.

Notes
Turn   | Place    | Note
-------+----------+-------------------------------------------
     0 | D:1      | pistachioham the Deep Elf Conjurer began the quest for the
                  | Orb.
     0 | D:1      | Reached XP level 1. HP: 10/10 MP: 6/6
   396 | D:1      | Reached XP level 2. HP: 15/15 MP: 2/8
   457 | D:1      | Reached skill level 5 in Conjurations
   651 | D:1      | Learned a level 2 spell: Searing Ray
  1030 | D:1      | Reached XP level 3. HP: 13/19 MP: 4/9
  1208 | D:2      | Found a glowing silver altar of Zin.
  1275 | D:2      | Learned a level 3 spell: Dazzling Flash
  1385 | D:1      | Reached skill level 1 in Hexes
  1530 | D:2      | Reached skill level 6 in Conjurations
  1612 | D:2      | Reached XP level 4. HP: 24/24 MP: 7/10
  2179 | D:3      | Noticed Ijyb
  2183 | D:3      | Splashed by Ijyb's acid

Illustrated notes

Levels and vault maps discovered:
D:1:      dpeg_arrival_refuge, layout_loops_corners
D:2:      layout_rooms, overflow_temple_1_default
D:3:      layout_loops_ring, minmay_diced_spiral, uniq_ijyb

Skill      XL: |  1  2  3 |
---------------+----------+-----
Conjurations   | 5 6 |  6.1
Hexes          | 1 |  1.8
Dodging        | |  2.4
Stealth        | |  2.4
Spellcasting   | |  3.0

Action                   |  1- 3 |  4- 6 || total
-------------------------+-------+-------++-------
Melee: Dagger            |     5 |       ||     5
 Cast: Magic Dart        |    60 |    27 ||    87
       Searing Ray       |     1 |     4 ||     5
Armor: Robe              |     3 |       ||     3
Dodge: Dodged            |     9 |     1 ||    10

Table legend: (Time is in decaauts)
 A = Elapsed time spent in this place.
 B = Non-inter-level travel time spent in this place.
 C = Inter-level travel time spent in this place.
 D = Time resting spent in this place.
 E = Time spent auto-exploring this place.
 F = Levels seen in this place.
 G = Mean time per level.
                   A        B        C        D        E       F      G
               +--------+--------+--------+--------+--------+-----+--------+
         Total |   2185 |   2041 |    144 |    745 |    490 |   3 |  728.3 |
       Dungeon |   2185 |   2041 |    144 |    745 |    490 |   3 |  728.3 |
               +--------+--------+--------+--------+--------+-----+--------+

Top non-repeatable levels by time:
     D:1: 1367 daAuts
     D:2: 711 daAuts
     D:3: 106 daAuts
